 Dungeon Crawl Stone Soup version 0.27.0-66-gdc8fb28755 (webtiles) character file.

Game seed: 16763722077137734434

704 Malachi the Basher (level 7, -2/66 HPs)
             Began as a Troll Berserker on Aug 20, 2021.
             Was a Priest of Trog.
             Slain by a gnoll (13 damage)
             ... on level 4 of the Dungeon.
             The game lasted 00:05:04 (3451 turns).

Malachi the Basher (Troll Berserker)                Turns: 3451, Time: 00:05:05

Health: -2/66      AC:  5    Str: 28    XL:     7   Next: 39%
Magic:  6/6        EV: 10    Int:  3    God:    Trog [***...]
Gold:   235        SH:  0    Dex:  9    Spells: 6/6 levels left

rFire    . . .     SeeInvis .   a - +1 mace (elec)
rCold    . . .     Faith    .   (no shield)
rNeg     . . .     Spirit   .   b - +1 animal skin
rPois    .         Reflect  .   (helmet restricted)
rElec    .         Harm     .   g - scarf {repulsion}
rCorr    .         Rampage  .   (gloves unavailable)
Will     .....                  (boots unavailable)
Stlth    +.........             (no amulet)
HPRegen  1.21/turn              (no ring)
MPRegen  0.10/turn              (no ring)

@: on berserk cooldown, slowed, studying Bows, repel missiles, very slow
A: large, unfitting armour, claws 3, regeneration 1, shaggy fur 1, tough skin 1
a: Renounce Religion, Berserk, Trog's Hand


You were on level 4 of the Dungeon.
You worshipped Trog.
Trog was most pleased with you.
You visited 1 branch of the dungeon, and saw 4 of its levels.

You collected 235 gold pieces.

Inventory:

Hand Weapons
 a - a +1 mace of electrocution (weapon)
 f - a +5 scythe
 n - a +0 giant spiked club
Missiles
 j - 2 throwing nets
 k - 13 poisoned darts (quivered)
Armour
 b - a +1 animal skin (worn)
 g - a scarf of repulsion (worn)
Jewellery
 d - a ring of see invisible
 m - a ring of ice
Scrolls
 h - a scroll of enchant armour
 l - a scroll of teleportation
Potions
 e - a potion of haste
 i - a potion of mutation {unknown}


   Skills:
 - Level 2.4 Fighting
 * Level 8.0 Maces & Flails
 - Level 2.4 Dodging


You had 6 spell levels left.
You didn't know any spells.
Your spell library contained the following spells:

 Spells                   Type           Power      Damage    Failure   Level
 Sting                    Tmut/Pois      0%         1d3       52%         1
 Blink                    Tloc           N/A        N/A       67%         2
 Poisonous Vapours        Pois/Air       0%         N/A       67%         2
 Conjure Flame            Conj/Fire      0%         6-21      88%         3
 Gell's Gravitas          Tloc           0%         N/A       88%         3
 Ignite Poison            Fire/Tmut/Pois 0%         N/A       88%         3
 Lesser Beckoning         Tloc           0%         N/A       88%         3
 Teleport Other           Tloc           0%         N/A       88%         3
 Olgreb's Toxic Radiance  Pois           0%         N/A       99%         4
 Sticky Flame             Conj/Fire      0%         2d3       99%         4
 Manifold Assault         Tloc           0%         N/A       100%        5
 Storm Form               Tmut/Air       0%         N/A       100%        7


Dungeon Overview and Level Annotations

Branches:
Dungeon (4/15)
 Temple: D:4-7

Altars:

Shops:
D:4 :

Annotations:
D:4 1 runed translucent door, Crazy Yiuf


Innate Abilities, Weirdness & Mutations

You are too large for most types of armour.
You have claws for hands.
Your natural rate of healing is unusually fast.
You are covered in fur. (AC +1)
You have tough skin. (AC +1)


Message History

A gnoll shaman comes into view. It is wielding a +0 club.
The gnoll hits you with a +0 halberd! The gnoll misses you.
You are too injured to fight recklessly!
You are too injured to fight recklessly!
Unknown command.
The gnoll shaman shouts!
The gnoll hits you but does no damage.
The gnoll hits you from afar with a +0 halberd.
The gnoll shaman calls upon its god to speed up the gnoll.
The gnoll seems to speed up.
The gnoll barely misses you.
The gnoll hits you from afar with a +0 halberd! x2
* * * LOW HITPOINT WARNING * * *
The gnoll hits you but does no damage.
The gnoll hits you from afar with a +0 halberd.
* * * LOW HITPOINT WARNING * * *
The gnoll hits you from afar with a +0 halberd.
* * * LOW HITPOINT WARNING * * *
As you read the scroll of teleportation, it crumbles to dust.
You feel strangely unstable.
The gnoll hits you from afar with a +0 halberd.
* * * LOW HITPOINT WARNING * * *
The gnoll hits you but does no damage. The gnoll barely misses you.
The gnoll hits you from afar with a +0 halberd.
* * * LOW HITPOINT WARNING * * *
The gnoll hits you but does no damage.
You feel much better. The gnoll misses you.
The gnoll hits you from afar with a +0 halberd! x2
* * * LOW HITPOINT WARNING * * *
The gnoll hits you from afar with a +0 halberd!
* * * LOW HITPOINT WARNING * * *
You feel much better.
The gnoll hits you from afar with a +0 halberd. x2
The gnoll closely misses you.
The gnoll shaman hits you with a +0 club!
* * * LOW HITPOINT WARNING * * *
The gnoll closely misses you. The gnoll hits you with a +0 flail.
* * * LOW HITPOINT WARNING * * *
Your surroundings seem slightly different.
The gnoll hits you from afar with a +0 halberd!
You die...

........#..#........## ###
#...................##
##.####....#.....<.....####
##..........##...........#
##............#.......>...#
.#.....#...#.. .##.....#.##
.......#g..##.####.....#.###
...†##...##.##.##..........#
..#..#.....gg.g.@.#......### #
#........gg...###........####
#.............<##.....#.....##
###.............###............#
..........####...##)..........##
...).....####........##.##.####
.#............#.....†)†.######
.####.......###..#.#.<..# ##.###
..###.........##.#.####.###....##


You could see a gnoll shaman and 4 gnolls.

Vanquished Creatures
  Sigmund (D:2)
  Duvessa (D:4)
  An ogre (D:4)
  Dowan (D:4)
  3 jellies (D:3)
  An orc priest (D:3)
  A hound (D:4)
  An iguana (D:4)
  An adder (D:4)
  A howler monkey skeleton (D:4)
  A white imp (D:4)
  An adder skeleton (D:4)
  4 worms
  A dart slug (D:2)
  6 orcs
  3 bats
  13 endoplasms
  4 giant cockroaches
  8 goblins
  5 hobgoblins
  5 quokkas
  8 ball pythons
  2 frilled lizards
  15 kobolds
  6 rats
94 creatures vanquished.

Vanquished Creatures (others)
  2 fungi (D:3)
  9 toadstools (D:3)
11 creatures vanquished.

Grand Total: 105 creatures vanquished

Notes
Turn   | Place    | Note
-------+----------+-------------------------------------------
     0 | D:1      | Malachi the Troll Berserker began the quest for the Orb.
     0 | D:1      | Reached XP level 1. HP: 22/22 MP: 0/0
   143 | D:1      | Reached skill level 3 in Maces & Flails
   325 | D:1      | Reached XP level 2. HP: 29/29 MP: 1/1
  1046 | D:2      | Reached XP level 3. HP: 34/35 MP: 2/2
  1169 | D:2      | Noticed Sigmund
  1175 | D:2      | Killed Sigmund
  1175 | D:2      | Reached ** piety under Trog
  1176 | D:2      | Reached skill level 5 in Maces & Flails
  1176 | D:2      | Reached XP level 4. HP: 44/44 MP: 3/3
  1176 | D:2      | Reached XP level 5. HP: 50/50 MP: 4/4
  1829 | D:2      | Identified a scroll of acquirement
  1829 | D:2      | Acquired a scarf of repulsion
  2126 | D:3      | Reached skill level 6 in Maces & Flails
  2633 | D:3      | Reached XP level 6. HP: 59/59 MP: 5/5
  2642 | D:3      | Reached *** piety under Trog
  2855 | D:4      | Found Ifaal's Book Shop.
  2994 | D:4      | Reached skill level 7 in Maces & Flails
  3138 | D:4      | Noticed Duvessa
  3139 | D:4      | Noticed Dowan
  3148 | D:4      | Killed Duvessa
  3149 | D:4      | Reached XP level 7. HP: 66/66 MP: 6/6
  3159 | D:4      | Killed Dowan
  3302 | D:4      | Found a runed translucent door.
  3303 | D:4      | Noticed Crazy Yiuf
  3433 | D:4      | Reached skill level 8 in Maces & Flails
  3448 | D:4      | HP: 2/66 [gnoll (10)]
  3451 | D:4      | Slain by a gnoll

Illustrated notes

Levels and vault maps discovered:
D:1:      matt_arrival_los_fun, layout_loops_corners, serial_glass,
          glass_columns_b, glass_columns_a,
          hangedman_abyss_or_decor_lesser_grid, minmay_misc_feat_four_crosses
D:2:      layout_loops_cross, uniq_sigmund
D:3:      cheibrodos_fertilizer, layout_loops_ring,
          chequers_serial_rivers_large_b, glass_columns_b
D:4:      layout_cave_pools, serial_shops, shop, nrook_uturn,
          uniq_crazy_yiuf_cottage, uniq_duvessa

Skill      XL: |  1  2  3  4  5  6  7 |
---------------+----------------------+-----
Maces & Flails | 3 5 6 7 8 |  8.0
Fighting       | |  2.4
Dodging        | |  2.4

Action                   |  1- 3 |  4- 6 |  7- 9 || total
-------------------------+-------+-------+-------++-------
Melee: Mace              |   102 |   159 |    16 ||   277
Invok: Berserk           |     1 |     5 |     1 ||     7
  Use: Scroll            |     3 |     7 |     1 ||    11
       Potion            |       |     3 |     2 ||     5
Armor: Animal skin       |    37 |    56 |     6 ||    99
Dodge: Dodged            |    57 |    80 |    14 ||   151
       Repelled          |       |     1 |       ||     1
